 Dungeon Crawl Stone Soup version 0.23-b1-51-gfe822ef6ca (webtiles) character file.

Game seed: 18210337965983580413

163 McKennaii the Insei (level 5, -2/41 HPs)
             Began as a Draconian Transmuter on Feb 4, 2019.
             Slain by a scorpion (10 damage)
             ... on level 3 of the Dungeon.
             The game lasted 00:07:08 (3359 turns).

McKennaii the Insei (Draconian Transmuter)          Turns: 3359, Time: 00:07:09

Health: -2/41      AC:  6    Str: 12    XL:     5   Next: 20%
Magic:  4/8        EV: 12    Int: 17    God:
Gold:   171        SH:  0    Dex: 12    Spells: 6/9 levels left

rFire    x . .     SeeInvis .   i - +0 whip "Tuix" {slash, rF- rN+ Int+3} (curse)
rCold    . . .     Gourm    .   (no shield)
rNeg     + . .     Faith    .   (armour unavailable)
rPois    .         Spirit   .   (helmet restricted)
rElec    .         Reflect  .   (no cloak)
rCorr    .         Harm     .   o - +0 pair of gloves (curse)
MR       .....                  (no boots)
Stlth    ++........             (no amulet)
HPRegen  0.13/turn              (no ring)
MPRegen  0.11/turn              (no ring)

@: no status effects
A: unfitting armour, cold-blooded, AC +5
a: no special abilities


You were on level 3 of the Dungeon.
You were not hungry.

You visited 1 branch of the dungeon, and saw 4 of its levels.

You collected 171 gold pieces.

Inventory:

Hand Weapons
 i - the cursed +0 whip "Tuix" (weapon) {slash, rF- rN+ Int+3}
   (You found it on level 2 of the Dungeon)

   It inflicts extra damage upon your enemies.
   It affects your intelligence (+3).
   It makes you vulnerable to fire.
   It protects you from negative energy.
   It has a curse placed upon it.
Missiles
 a - 54 arrows
Armour
 o - a cursed +0 pair of gloves (worn)
Jewellery
 q - an uncursed ring of flight {unknown}
Wands
 p - a wand of acid (6)
Scrolls
 b - 6 scrolls of identify {unknown}
 e - a scroll of fear {unknown}
 f - 2 scrolls of teleportation {unknown}
 k - 2 scrolls of remove curse {unknown}
 l - 3 scrolls of immolation {unknown}
 m - a scroll of fog {unknown}
 n - a scroll of noise {unknown}
Potions
 d - 3 potions of curing
 g - 2 potions of flight {unknown}
 h - a potion of mutation {unknown}
 j - 2 potions of heal wounds {unknown}
 r - a potion of haste {unknown}
Comestibles
 c - 7 rations


   Skills:
 * Level 1.9 Fighting
 + Level 2.4 Dodging
 + Level 1.1 Stealth
 * Level 4.4 Unarmed Combat
 + Level 2.6 Spellcasting
 * Level 2.6 Transmutations


You had 6 spell levels left.
You knew the following spells:

 Your Spells              Type           Power        Failure   Level  Hunger
a - Beastly Appendage     Tmut           ##....       6%          1    #......
b - Sticks to Snakes      Tmut           ##......     9%          2    ##.....

Your spell library contained the following spells:

 Spells                   Type           Power        Failure   Level  Hunger
 Spider Form              Tmut/Pois      #.........   32%         3    ###....
 Ice Form                 Ice/Tmut       #.......     71%         4    #####..
 Blade Hands              Tmut           ##........   86%         5    ######.


Dungeon Overview and Level Annotations

Branches:
Dungeon (4/15)
 Temple: D:4-7

Altars:
The Shining One


Innate Abilities, Weirdness & Mutations

Your plain brown scales are hard. (AC +5)
You cannot fit into any form of body armour.
You are cold-blooded and may be slowed by cold attacks.


Message History

There is a stone staircase leading up here.
You feel sick.
Your ball python completely misses the scorpion.
Your ball python grabs the scorpion.
Your ball python constricts the scorpion.
The scorpion stings you but does no damage.
The orc wizard gestures wildly while chanting.
The orc wizard flickers and vanishes!
Deactivating autopickup; reactivate with Ctrl-A.
You climb upwards.
Your summoned ally is left behind.
Reactivating autopickup.
There is a stone staircase leading down here.
Unknown command.
It was a potion of curing.
You feel better. The scorpion stings you.
Casting: Sticks to Snakes (safe; 9% risk of failure)
Confirm with . or Enter, or press ? or * to list all spells.
You create a snake!
You now have 54 arrows.
The scorpion stings you.
* * * LOW HITPOINT WARNING * * *
The scorpion stings you!
You die...

###########.....# ###
#............##.# ..#
#.#########..##.# #.# #.#
#..##.# #.# #.# #.....##
..# #.# #......#
######'## #########'##
........# #..>s......#
........#
#.S.@......##########
........#
#....................
........#
#########'#.#########
...[....#############.#.#
......................#.#
.........##############.#
..............# #####.#
..............# #.....#
...[..........# #.#####


You could see a scorpion and a friendly ball python.

Vanquished Creatures
  2 adders (D:2)
  2 worms (D:3)
  A dart slug (D:1)
  2 leopard geckos (D:2)
  3 orcs (D:3)
  A ball python (D:3)
  4 bats
  3 giant cockroaches (D:3)
  8 goblins
  4 hobgoblins
  11 jackals
  12 kobolds
  A quokka (D:3)
  5 frilled lizards
  6 rats
65 creatures vanquished.

Vanquished Creatures (collateral kills)
  An ogre (D:3)
  A worm (D:2)
  A goblin (D:2)
  A rat (D:2)
4 creatures vanquished.

Grand Total: 69 creatures vanquished

Notes
Turn   | Place    | Note
-------+----------+-------------------------------------------
     0 | D:1      | McKennaii the Draconian Transmuter began the quest for the
                  | Orb.
     0 | D:1      | Reached XP level 1. HP: 16/16 MP: 3/3
   279 | D:1      | Reached XP level 2. HP: 8/23 MP: 1/5
   576 | D:1      | Learned a level 2 spell: Sticks to Snakes
   981 | D:1      | Reached XP level 3. HP: 28/28 MP: 6/6
  1341 | D:2      | Reached skill level 4 in Unarmed Combat
  2067 | D:2      | Reached XP level 4. HP: 31/35 MP: 7/7
  2069 | D:2      | Got a transparent whip
  2077 | D:2      | Identified the cursed +0 whip "Tuix" {slash, rF- rN+ Int+3}
                  | (You found it on level 2 of the Dungeon)
  2619 | D:3      | Noticed an ogre
  2629 | D:3      | Killed an ogre
  2629 | D:3      | Reached XP level 5. HP: 41/41 MP: 2/8
  2803 | D:3      | Reached skill level 1 in Stealth
  3094 | D:3      | Found a glowing golden altar of the Shining One.
  3359 | D:3      | Slain by a scorpion

Skill      XL: |  1  2  3  4  5 |
---------------+----------------+-----
Dodging        | 2 |  2.4
Unarmed Combat | 4 |  4.4
Stealth        | 1 |  1.1
Fighting       | |  1.9
Spellcasting   | |  2.6
Transmutations | |  2.6

Action                   |  1- 3 |  4- 6 || total
-------------------------+-------+-------++-------
Melee: Unarmed           |   154 |       ||   154
       Tailslap          |    11 |    16 ||    27
       Punch             |     3 |     4 ||     7
       Headbutt          |     2 |       ||     2
       Kick              |     1 |       ||     1
       Whip              |       |    90 ||    90
 Cast: Beastly Appendage |     7 |       ||     7
       Sticks to Snakes  |     7 |     7 ||    14
  Use: Potion            |       |     1 ||     1
 Stab: Sleeping          |     1 |     2 ||     3
  Eat: Chunk             |     4 |     5 ||     9
Armor: Skin              |    52 |    28 ||    80
Dodge: Dodged            |   107 |    45 ||   152
